 Dungeon Crawl Stone Soup version 0.32-a0-913-g739538afd8 (webtiles) character file.

Game seed: 3684822059810036009

2645 jasper the Cleaver (level 9, 0/67 HPs)
             Began as a Demonspawn Fighter on Apr 9, 2024.
             Was an Initiate of Gozag.
             Slain by a wolf (7 damage)
             ... in a bailey.
             The game lasted 00:08:49 (7149 turns).

jasper the Cleaver (Demonspawn Fighter)             Turns: 7149, Time: 00:08:50

Health: 0/67       AC: 11    Str: 21    XL:     9   Next: 35%
Magic:  9/9        EV:  8    Int:  8    God:    Gozag
Gold:   233        SH:  4    Dex: 13    Spells: 8/8 levels left

rFire   + + .        a - +1 war axe
rCold   + . .        c - +0 buckler
rNeg    . . .        w - +1 scale mail {rF+}
rPois   +            (no helmet)
rElec   +            d - +0 cloak
rCorr   +            (no gloves)
SInv    .            (no boots)
Will    .....        (no amulet) Stlth
                     (no ring)
HPRegen 0.31/turn    (no ring)
MPRegen 0.11/turn

%: no passive effects
@: mighty, brilliant, resistant, invisible
A: molten scales 1, demonic guardian 1
a: Renounce Religion, Potion Petition, Call Merchant, Bribe Branch


You were in a bailey.
You worshipped Gozag.
Gozag was aware of your devotion.
You visited 1 branch of the dungeon, and saw 7 of its levels.
You also visited: Sewer and Bailey.

You collected 827 gold pieces.
You spent 121 gold pieces at shops.
You paid 473 gold pieces to Gozag.

Inventory:

Hand Weapons
 a - a +1 war axe (weapon)
 q - a +0 spear
 y - a +1 whip of freezing
Missiles
 h - 53 stones
 s - a throwing net
Armour
 b - a +0 scale mail
 c - a +0 buckler (worn)
 d - a +0 cloak (worn)
 l - a +0 chain mail
 w - a +1 scale mail of fire resistance (worn)
Jewellery
 g - a ring of fire
Wands
 A - a wand of charming (8)
Scrolls
 o - a scroll of blinking
 u - a scroll of fog
Potions
 e - a potion of brilliance
 f - a potion of magic
 i - a potion of lignification {unknown}
 k - a potion of haste
 m - 3 potions of mutation
 p - a potion of attraction
 r - 4 potions of curing {unknown}
 t - 3 potions of heal wounds {unknown}
 x - a potion of resistance {unknown}
 B - a potion of enlightenment


   Skills:
 + Level 4.9 Fighting
 * Level 10.7 Axes
 + Level 4.4 Armour
 - Level 2.6 Shields


You had 8 spell levels left.
You didn't know any spells.
Your spell library contained the following spells:

 Spells                   Type           Power      Damage    Failure   Level
 Sting                    Conj/Alch      0%         1d3       80%         1
 Mercury Vapours          Alch/Air       0%         N/A       91%         2
 Stone Arrow              Conj/Erth      0%         3d7       99%         3
 Animate Armour           Summ/Erth      0%         N/A       100%        4
 Olgreb's Toxic Radiance  Alch           0%         N/A       100%        4
 Lehudib's Crystal Spear  Conj/Erth      0%         10d2      100%        8


Dungeon Overview and Level Annotations

Branches:
Dungeon (7/15)             Temple (0/1) D:7           Sewer (visited)
 Bailey (1/1)

Altars:
Ashenzari
Gozag
Kikubaaqudgha
Okawaru
Sif Muna

Shops:
D:4 (   D:6 [

Annotations:
D:5 1 runed translucent door, Chish's ghost, novice NaHu


Innate Abilities, Weirdness & Mutations

You are partially covered in molten scales. (AC +2)
A weak demonic guardian rushes to your aid.


Message History

The wolf bites you.
* * * LOW HITPOINT WARNING * * *
You take 5 damage, and have 19/67 hp.
You closely miss the wolf.
The wolf is heavily wounded.
You block the wolf's attack. You block the gnoll's attack.
You closely miss the wolf.
The wolf is heavily wounded.
The wolf bites you.
* * * LOW HITPOINT WARNING * * *
The wolf bites you but does no damage.
The gnoll is distracted by your dazzling golden aura.
You take 5 damage, and have 15/67 hp.
You miss the wolf.
The wolf is heavily wounded.
The gnoll shouts!
The wolf barely misses you. The wolf bites you.
* * * LOW HITPOINT WARNING * * *
A demonic guardian appears!
You hear a shout!
You take 6 damage, and have 9/67 hp.
The wolf attacks as it pursues you! The wolf bites you.
* * * LOW HITPOINT WARNING * * *
There is a gate leading back out of this place here.
You take 2 damage, and have 7/67 hp.
You fade into invisibility!
The wolf closely misses you.
Your iron imp hits the gnoll!
The gnoll is no longer distracted by gold.
The wolf bites you but does no damage.
The gnoll hits your iron imp but does no damage. [a] - 600 gold - resistance, haste and enlightenment [b] - 391 gold - lignification, might and resistance [c] - 432 gold - resistance, might and brilliance Purchase which effect?
You no longer have enough gold to petition Gozag for potion effects.
You feel protected.
You feel very mighty all of a sudden.
You feel clever all of a sudden. The wolf bites you!
You die...
Your body crumbles into a pile of gold.

#...≈≈♣♣ #..≈.♣
#..≈.♣♣ #..≈..♣ #
#..≈..♣ ##
#..≈..♣♣
.######..≈..)♣♣
..#...'.......♣♣♣#
§.$.$$'.(($.$g$h@#
..#.$.'......5♣♣♣#
.######..≈...♣♣ ##
#..≈...♣ #
#..≈...♣ #..≈..♣♣
#..≈.♣♣ #..≈.♣


You could see a wolf, a gnoll (swift, unable to see you, ally target) and a
friendly iron imp (summoned).

Vanquished Creatures
  Pikel (D:6)
  2 steam dragons (D:6)
  Menkaure (D:5)
  A water moccasin (D:7)
  A black bear (D:7)
  A wolf (Bailey)
  2 lemures (D:6)
  6 kobold brigands (Sewer)
  A bullfrog (D:7)
  2 scorpions (D:5)
  3 gnoll sergeants (Bailey)
  3 howler monkeys (D:7)
  2 jellies
  An orc priest (D:3)
  A bombardier beetle (D:6)
  2 gnoll boudas (Bailey)
  2 hounds (Bailey)
  An iguana (D:5)
  Jessica (D:3)
  Terence (D:3)
  7 gnolls (Bailey)
  7 adders
  A river rat (Sewer)
  2 white imps (D:6)
  4 dart slugs
  5 ribbon worms
  8 orcs
  17 ball pythons
  14 endoplasms
  3 giant cockroaches
  6 goblins
  4 hobgoblins
  4 jackals
  2 quokkas (D:1)
  5 bats
  3 frilled lizards
  11 kobolds
  7 rats
145 creatures vanquished.

Vanquished Creatures (collateral kills)
  An iguana (D:4)
  A gnoll (Bailey)
  A shadow imp (D:5)
3 creatures vanquished.

Grand Total: 148 creatures vanquished

Notes
Turn   | Place    | Note
-------+----------+-------------------------------------------
     0 | D:1      | jasper the Demonspawn Fighter began the quest for the Orb.
     0 | D:1      | Reached XP level 1. HP: 18/18 MP: 1/1
   109 | D:1      | Reached skill level 2 in Axes
   135 | D:1      | Gained mutation: A weak demonic guardian rushes to your
                  | aid. [demonic ancestry]
   135 | D:1      | Reached XP level 2. HP: 20/24 MP: 2/2
   265 | D:1      | Reached skill level 3 in Axes
   623 | D:1      | Reached XP level 3. HP: 29/29 MP: 3/3
  1172 | D:2      | Found a faded altar of an unknown god.
  1806 | D:3      | Noticed Jessica
  1825 | D:3      | Killed Jessica
  1826 | D:3      | Reached skill level 4 in Axes
  1826 | D:3      | Reached XP level 4. HP: 14/35 MP: 4/4
  2041 | D:3      | Noticed Terence
  2054 | D:3      | Killed Terence
  2132 | D:3      | Reached XP level 5. HP: 33/41 MP: 5/5
  2269 | D:3      | Reached skill level 5 in Axes
  2476 | D:3      | Found an opulent altar of Gozag.
  2486 | D:3      | Found an ancient bone altar of Kikubaaqudgha.
  2487 | D:3      | Found an iron altar of Okawaru.
  2487 | D:3      | Found a broken altar of Ashenzari.
  2489 | D:3      | Found a shimmering blue altar of Sif Muna.
  2505 | D:3      | Became a worshipper of Gozag Ym Sagoz the Greedy
  2770 | D:4      | Found Hafuex's Weapon Shop.
  3336 | D:5      | Entered Level 5 of the Dungeon
  3375 | D:5      | Gained mutation: You are partially covered in molten
                  | scales. (AC +2) [demonic ancestry]
  3375 | D:5      | Reached XP level 6. HP: 45/47 MP: 6/6
  3397 | D:5      | Reached skill level 6 in Axes
  3754 | D:5      | Found a runed translucent door.
  3757 | D:5      | Noticed Chish's ghost (novice NaHu)
  3937 | D:5      | Found a glowing drain.
  3964 | Sewer    | Entered a sewer
  4128 | Sewer    | Reached skill level 7 in Axes
  4128 | Sewer    | Reached XP level 7. HP: 7/52 MP: 7/7
  4968 | Sewer    | Reached skill level 8 in Axes
  5206 | D:5      | Noticed Menkaure
  5221 | D:5      | Killed Menkaure
  5539 | D:6      | Reached XP level 8. HP: 54/58 MP: 8/8
  5555 | D:6      | Found Uthonydgh's Antique Armour Shoppe.
  5561 | D:6      | Bought a cloak for 121 gold pieces
  5625 | D:6      | Reached skill level 9 in Axes
  6118 | D:6      | Noticed Pikel
  6138 | D:6      | Killed Pikel
  6139 | D:6      | Reached skill level 10 in Axes
  6587 | D:7      | Reached XP level 9. HP: 46/65 MP: 9/9
  6758 | D:7      | Found a flagged portal.
  6768 | Bailey   | Entered a bailey
  6795 | Bailey   | HP: 2/66 [gnoll/+0 halberd (9)]
  7149 | Bailey   | Slain by a wolf

Illustrated notes

Levels and vault maps discovered:
D:1:      lightli_molten_gateway, layout_basic
D:2:      layout_loops_ring, shapermc_ecumenical_altar_ellora, glass_columns_a
D:3:      layout_basic, minitemple, serial_curves, eino_curves_03,
          eino_curves_01, uniq_terence, uniq_jessica
D:4:      layout_rooms, serial_shops, nicolae_shop_bloodbath_and_beyond
D:5:      layout_basic, cheibrodos_sewer_entry_bend, gammafunk_ghost_grave,
          uniq_menkaure
D:6:      layout_basic, serial_shops, nicolae_shop_trees, uniq_pikel
D:7:      layout_loops_ring, minmay_temple_entry_glassed_door, enter_bailey_2
Bailey:   bailey_polearm_gnolls_kennysheep, bailey

Skill      XL: |  1  2  3  4  5  6  7  8  9 |
---------------+----------------------------+-----
Axes           | 2 3 4 5 7 8 10 | 10.7
Armour         | 3 4 |  4.4
Fighting       | 4 |  4.9
Shields        | |  2.6

Action                     |  1- 3 |  4- 6 |  7- 9 || total
---------------------------+-------+-------+-------++-------
  Melee: War axe           |   128 |   149 |   221 ||   498
  Throw: Dart              |       |       |     2 ||     2
         Stone             |       |       |     1 ||     1
 Invoke: Potion Petition   |       |       |     1 ||     1
  Evoke: Wand              |       |       |    12 ||    12
    Use: Potion            |     1 |     1 |     3 ||     5
         Scroll            |       |    13 |     8 ||    21
   Stab: Invisible         |       |     1 |     5 ||     6
         Distracted        |       |       |     2 ||     2
 Armour: Scale mail        |    34 |   122 |   192 ||   348
         Chain mail        |    81 |     3 |       ||    84
  Dodge: Dodged            |    34 |    55 |    86 ||   175
  Block: Buckler           |    22 |    32 |    54 ||   108

Table legend: (Time is in decaauts)
 A = Elapsed time spent in this place.
 B = Non-inter-level travel time spent in this place.
 C = Inter-level travel time spent in this place.
 D = Time resting spent in this place.
 E = Time spent auto-exploring this place.
 F = Levels seen in this place.
 G = Mean time per level.
                   A        B        C        D        E       F      G
               +--------+--------+--------+--------+--------+-----+--------+
         Total |   7432 |   7165 |    267 |     95 |   5462 |   9 |  825.8 |
       Dungeon |   5839 |   5572 |    267 |     79 |   4382 |   7 |  834.1 |
         Sewer |   1225 |   1225 |      0 |      6 |    853 |   1 | 1225.0 |
        Bailey |    367 |    367 |      0 |      9 |    226 |   1 |  367.0 |
               +--------+--------+--------+--------+--------+-----+--------+

Top non-repeatable levels by time:
   Sewer: 1225 daAuts
     D:5: 1183 daAuts
     D:6: 1031 daAuts
     D:1: 1011 daAuts
     D:3: 964 daAuts
     D:2: 824 daAuts
     D:4: 615 daAuts
  Bailey: 367 daAuts
     D:7: 208 daAuts
